 Dungeon Crawl Stone Soup version 0.29-a0-330-g52719c12eb (webtiles) character file.

Game seed: 4698794945736057894

1931 HoaS the Quickloader (level 9, -2/60 HPs)
             Began as a Kobold Hunter on May 26, 2022.
             Slain by a vampire (5 damage)
             ... on level 7 of the Dungeon.
             The game lasted 00:12:41 (8299 turns).

HoaS the Quickloader (Kobold Hunter)                Turns: 8299, Time: 00:12:41

Health: -2/60      AC:  5    Str:  8    XL:     9   Next: 40%
Magic:  0/9        EV: 19    Int: 10    God:
Gold:   427        SH:  0    Dex: 23    Spells: 8/8 levels left

rFire   . . .      SeeInvis .   a - +2 hand crossbow (vorpal)
rCold   + . .      Faith    .   (no shield)
rNeg    . . .      Spirit   +   b - +0 leather armour
rPois   .          Reflect  .   m - +0 helmet
rElec   .          Harm     .   (no cloak)
rCorr   .          Rampage  .   (no gloves)
Will    .....                   h - +0 pair of boots
Stlth   ++++......              l - amulet of guardian spirit
HPRegen 0.20/turn               p - ring of protection from cold
MPRegen 0.11/turn               (no ring)

@: invisible
A: small, no large weapons, nightstalker 3
a: no special abilities


You were on level 7 of the Dungeon.
You visited 1 branch of the dungeon, and saw 7 of its levels.
You also visited: Sewer.

You collected 427 gold pieces.

Inventory:

Hand Weapons
 a - a +2 vorpal hand crossbow (weapon)
Armour
 b - a +0 leather armour (worn)
 h - a +0 pair of boots (worn)
 m - a +0 helmet (worn)
Jewellery
 l - an amulet of guardian spirit (around neck)
 p - a ring of protection from cold (left hand)
Wands
 g - a wand of acid (4)
 r - a wand of flame (39)
Scrolls
 c - 2 scrolls of immolation
 e - 2 scrolls of holy word
 k - 2 scrolls of teleportation
 o - a scroll of fear
 q - 2 scrolls of blinking
Potions
 d - 2 potions of curing
 f - a potion of lignification
 i - a potion of resistance
 j - a potion of attraction
 v - a potion of mutation {unknown}


   Skills:
 * Level 8.8 Fighting
 - Level 10.0 Crossbows
 + Level 7.0 Dodging
 - Level 3.0 Stealth


You had 8 spell levels left.
You didn't know any spells.
Your spell library contained the following spells:

 Spells                   Type           Power      Damage    Failure   Level
 Corpse Rot               Necr/Air       0%         N/A       63%         2
 Ensorcelled Hibernation  Hex/Ice        0%         N/A       63%         2
 Sublimation of Blood     Necr           0%         N/A       63%         2
 Spider Form              Tmut/Pois      0%         N/A       86%         3
 Airstrike                Air            0%         N/A       99%         4
 Anguish                  Hex/Necr       0%         N/A       99%         4
 Dispel Undead            Necr           0%         3d6       99%         4
 Petrify                  Tmut/Erth      0%         N/A       99%         4
 Summon Ice Beast         Ice/Summ       0%         N/A       99%         4
 Summon Lightning Spire   Summ/Air       0%         N/A       99%         4
 Irradiate                Conj/Tmut      0%         3d13      100%        5
 Lightning Bolt           Conj/Air       0%         1d11      100%        5
 Summon Mana Viper        Hex/Summ       0%         N/A       100%        5
 Death Channel            Necr           0%         N/A       100%        6
 Monstrous Menagerie      Summ           0%         N/A       100%        7


Dungeon Overview and Level Annotations

Branches:
Dungeon (7/15)             Temple (0/1) D:7           Sewer (visited)

Altars:
Cheibriados
Gozag
Hepliaklqana
Ru
Wu Jian
Yredelemnul
Zin

Shops:
D:3 =[=*


Innate Abilities, Weirdness & Mutations

You are small and have problems with some larger weapons.
You are completely attuned to the shadows.


Message History

The orc misses you. The vampire barely misses you.
The vampire closely misses you.
Shoot: a) +2 hand crossbow (vorpal)
Press: ? - help, Q - select action, (/) - cycle Shift-Dir - straight line, f/p - vampire
Aim: a vampire (lightly damaged, 73% to hit)
You shoot a bolt. The bolt hits the vampire!
The vampire is moderately damaged.
The orc closely misses you.
The vampire hits you but does no damage.
The vampire barely misses you.
Shoot: a) +2 hand crossbow (vorpal)
Press: ? - help, Q - select action, (/) - cycle Shift-Dir - straight line, f/p - vampire
Aim: a vampire (moderately damaged, 73% to hit)
You shoot a bolt.
The bolt hits the vampire but does no damage.
The vampire is moderately damaged.
The orc closely misses you.
The vampire gestures at you while chanting.
You resist with some effort.
You fade into invisibility!
The orc closely misses you. The vampire misses you.
The vampire barely misses you.
Shoot: a) +2 hand crossbow (vorpal)
Press: ? - help, Q - select action, (/) - cycle Shift-Dir - straight line, f/p - vampire
Aim: a vampire (moderately damaged, 73% to hit)
You shoot a bolt. The bolt hits the vampire.
The vampire is heavily damaged.
The orc barely misses you. The vampire hits you!
* * * LOW HITPOINT WARNING * * *
The vampire bites you!
* * * LOW HITPOINT WARNING * * *
The vampire draws strength from your injuries!
Shoot: a) +2 hand crossbow (vorpal)
Press: ? - help, Q - select action, (/) - cycle Shift-Dir - straight line, f/p - vampire
Aim: a vampire (heavily damaged, 73% to hit)
You shoot a bolt. The bolt barely misses the vampire.
The orc closely misses you. The vampire misses you.
The vampire closely misses you. The orc closely misses you.
The vampire misses you. The vampire bites you.
You die...

########### #.....# ##...##
* ##### ** ,* *** ,** *####*
******,* ,,* #####
*...)***,,,,,,* ,,**
####...###V.$.,*,,,,****
*,,****#....#..#@o#,,,,,****
**,,**......##..)##,,,***
**,,*,...Y.Y###.##*,,,,*
***,,,...###.*#.#*,***,*
**,,,,...,**#Y#.#,***,,*
,,,,,,,,,,,***#.#***,,**
,,,,,,,,,,,,,,,8,,,,,,**
,,,,,,,,,,,****,****,,,**
,,,,,,,,,,***,*,*,***,,,**


You could see a vampire and an orc (can't see you).

Vanquished Creatures
  Eustachio (D:4)
  An orc warrior (D:7)
  4 black bears
  A centaur (D:6)
  Blork the orc (D:4)
  2 kobold brigands
  2 necrophages
  2 scorpions
  A jelly (D:5)
  A hound (D:7)
  5 orc priests
  7 iguanas
  4 orc wizards
  A gnoll (D:1)
  12 adders
  5 river rats
  An ufetubus (D:5)
  A worm (D:3)
  2 dart slugs
  15 orcs
  7 ball pythons
  12 bats
  8 endoplasms
  3 giant cockroaches
  8 goblins
  11 hobgoblins
  11 jackals
  14 kobolds
  5 quokkas
  10 frilled lizards
  8 rats
  A spectral orc (D:4)
167 creatures vanquished.

Notes
Turn   | Place    | Note
-------+----------+-------------------------------------------
     0 | D:1      | HoaS the Kobold Hunter began the quest for the Orb.
     0 | D:1      | Reached XP level 1. HP: 12/12 MP: 1/1
   101 | D:1      | Reached XP level 2. HP: 17/17 MP: 2/2
   128 | D:1      | Reached skill level 6 in Crossbows
   182 | D:1      | Reached XP level 3. HP: 21/21 MP: 3/3
   379 | D:1      | Found a faded altar of an unknown god.
   773 | D:2      | Reached skill level 7 in Crossbows
   801 | D:2      | Reached XP level 4. HP: 25/26 MP: 4/4
  2085 | D:3      | Found Nadae's General Store.
  2200 | D:3      | Found Cugaackuomai's Antique Armour Emporium.
  2206 | D:3      | Found Kutwed's Jewellery Shop.
  2220 | D:3      | Reached XP level 5. HP: 30/30 MP: 5/5
  2303 | D:3      | Reached skill level 8 in Crossbows
  2380 | D:3      | Found a faded altar of an unknown god.
  2381 | D:3      | Noticed a kobold brigand
  2421 | D:3      | Killed a kobold brigand
  2613 | D:3      | Found a hazy altar of Hepliaklqana.
  2666 | D:3      | Found Hemesust's Jewellery Emporium.
  2779 | D:3      | Found a snail-covered altar of Cheibriados.
  3203 | D:4      | Reached skill level 9 in Crossbows
  3203 | D:4      | Reached XP level 6. HP: 25/35 MP: 6/6
  3655 | D:4      | Found a basalt altar of Yredelemnul.
  3715 | D:4      | Found a sacrificial altar of Ru.
  3774 | D:4      | Noticed Eustachio
  3809 | D:4      | Killed Eustachio
  3810 | D:4      | Reached skill level 10 in Crossbows
  3810 | D:4      | Reached XP level 7. HP: 21/40 MP: 4/7
  4178 | D:4      | Noticed Blork the orc
  4190 | D:4      | Killed Blork the orc
  4434 | D:4      | Found an ornate altar of the Wu Jian Council.
  4586 | D:5      | Entered Level 5 of the Dungeon
  4830 | D:5      | Reached XP level 8. HP: 48/48 MP: 8/8
  4887 | D:5      | Reached skill level 5 in Fighting
  4951 | D:5      | Found an opulent altar of Gozag.
  4951 | D:5      | Found a glowing silver altar of Zin.
  5705 | D:6      | Found a glowing drain.
  5709 | Sewer    | Entered a sewer
  5960 | Sewer    | Reached skill level 5 in Dodging
  7230 | D:6      | Identified the +10 trident "Hotso" {elec, Will+ Str+5}
  7450 | D:6      | Reached XP level 9. HP: 45/57 MP: 7/9
  8298 | D:7      | HP: 3/60 [vampire (7)]
  8299 | D:7      | Slain by a vampire

Illustrated notes

Levels and vault maps discovered:
D:1:      lemuel_arrival_broad_hall, layout_basic,
          dreamdust_ecumenical_altar_statues
D:2:      layout_rooms, serial_aquarium, aquarium_bridge_square
          [aquarium_subvault_bridge, aquarium_subvault_balcony,
          aquarium_subvault_balcony, aquarium_subvault_balcony],
          aquarium_window_corridor_1, aquarium_window_fake, aquarium_window_1,
          aquarium_window_1, aquarium_view_2d, aquarium_balcony_5b,
          aquarium_pool_1, minivault_5, guppyfry_early_orc_mine
D:3:      layout_loops_cross, beargit_hepliaklqana_dungeon_heroes,
          cheibrodos_worm_habitat, serial_shops, shop, shop,
          nicolae_shop_crystal, nicolae_shop_behind_doors
D:4:      layout_basic, mainiacjoe_overflow_brackets,
          nicolae_ru_great_annihilating_truth,
          yredelemnul_forgotten_temple_becter, serial_rivers,
          chequers_serial_rivers_large_b, chequers_serial_rivers_small_3,
          chequers_serial_rivers_small_3, chequers_serial_rivers_small_a,
          chequers_serial_rivers_small_3, uniq_blork_the_orc, uniq_eustachio
D:5:      layout_gridville, grunt_temple_overflow_gold_and_silver,
          lemuel_tele_altar, kennysheep_small_square
D:6:      layout_loops_ring, gup_sewer_entry_bowl, nrook_campfire
D:7:      layout_cave_pods, nicolae_overflow_hidden_temple,
          minmay_temple_entry_trees, minmay_stone_trees_small,
          minmay_splitting_lines, kb_rosetta

Skill      XL: |  1  2  3  4  5  6  7  8  9 |
---------------+----------------------------+-----
Crossbows      | 6 7 9 10 | 10.0
Stealth        | 2 3 |  3.0
Fighting       | 4 7 8 |  8.8
Dodging        | 4 6 7 |  7.0

Action                   |  1- 3 |  4- 6 |  7- 9 || total
-------------------------+-------+-------+-------++-------
Melee: Hand crossbow     |       |     1 |       ||     1
       Unarmed           |       |       |    12 ||    12
 Fire: Hand crossbow     |    76 |   176 |   327 ||   579
  Use: Scroll            |     2 |     6 |    11 ||    19
       Potion            |       |     1 |     5 ||     6
Armor: Leather armour    |     5 |    31 |    44 ||    80
       Skin              |       |       |     6 ||     6
Dodge: Dodged            |    15 |    61 |   182 ||   258

Table legend: (Time is in decaauts)
 A = Elapsed time spent in this place.
 B = Non-inter-level travel time spent in this place.
 C = Inter-level travel time spent in this place.
 D = Time resting spent in this place.
 E = Time spent auto-exploring this place.
 F = Levels seen in this place.
 G = Mean time per level.
                   A        B        C        D        E       F      G
               +--------+--------+--------+--------+--------+-----+--------+
         Total |   8553 |   8369 |    184 |   2124 |   5150 |   8 | 1069.1 |
       Dungeon |   7769 |   7585 |    184 |   2071 |   4527 |   7 | 1109.9 |
         Sewer |    784 |    784 |      0 |     53 |    623 |   1 |  784.0 |
               +--------+--------+--------+--------+--------+-----+--------+

Top non-repeatable levels by time:
     D:4: 1592 daAuts
     D:2: 1361 daAuts
     D:6: 1236 daAuts
     D:3: 1152 daAuts
     D:5: 1032 daAuts
     D:7: 815 daAuts
   Sewer: 784 daAuts
     D:1: 578 daAuts
